TOP OF THE 1ST |
Pensacola Blue Wahoos batting - Pitching for San Jose Giants : RHP Chad Steffee
|
Pitching: RHP Chad Steffee
|
|
Batting: RHB Randy Grewe
|
0-0: Foul Ball, location: 2F 0-1: Fly out, F6 (Popup, P, EV 90.0 MPH)
|
Batting: RHB Solange Le Coq
|
0-0: Fly out, F9 (Flyball, 9S, EV 86.9 MPH)
|
Batting: LHB Jorge Zarazua
|
0-0: Swinging Strike 0-1: Swinging Strike 0-2: Ball 1-2: Ball 2-2: Ground out 6-3 (Groundball, 6MS, EV 91.2 MPH)
|
Top of the 1st over - 0 runs, 0 hits, 0 errors, 0 left on base; Pensacola 0 - San Jose 0 |
BOTTOM OF THE 1ST |
San Jose Giants batting - Pitching for Pensacola Blue Wahoos : LHP Suk-jin Sok
|
Pitching: LHP Suk-jin Sok
|
|
Batting: RHB Tony Mendez
|
0-0: Ball 1-0: Foul Ball, location: 2F 1-1: Ball 2-1: Ground out 3-1 (Groundball, 34S, EV 87.5 MPH)
|
Batting: RHB Laroya Foronda
|
0-0: Foul Ball, location: 2F 0-1: Swinging Strike 0-2: Ball 1-2: Strikes out looking
|
Batting: RHB Billy Pranger
|
0-0: Foul Ball, location: 2F 0-1: Fly out, F7 (Line Drive, 7S, EV 91.9 MPH)
|
Bottom of the 1st over - 0 runs, 0 hits, 0 errors, 0 left on base; Pensacola 0 - San Jose 0 |
TOP OF THE 2ND |
Pensacola Blue Wahoos batting - Pitching for San Jose Giants : RHP Chad Steffee
|
Batting: RHB Andy Urquhart
|
0-0: Ball 1-0: Called Strike 1-1: Ball 2-1: Foul Ball, location: 2F 2-2: Foul Ball, location: 2F 2-2: Ground out 6-3 (Groundball, 6, EV 83.1 MPH)
|
Batting: RHB Mark Williams
|
0-0: Ground out 3-1 (Groundball, 34, EV 84.4 MPH)
|
Batting: RHB Dinand Brouwer
|
0-0: Foul Ball, location: 2F 0-1: Swinging Strike 0-2: Ball 1-2: Strikes out looking
|
Top of the 2nd over - 0 runs, 0 hits, 0 errors, 0 left on base; Pensacola 0 - San Jose 0 |
BOTTOM OF THE 2ND |
San Jose Giants batting - Pitching for Pensacola Blue Wahoos : LHP Suk-jin Sok
|
Batting: RHB Chris Bittner
|
0-0: Ball 1-0: Foul Ball, location: 2F 1-1: Ground out 4-3 (Groundball, 4, EV 80.6 MPH)
|
Batting: LHB Ryan Braden
|
0-0: Called Strike 0-1: Foul Ball, location: 2F 0-2: Ball 1-2: Ball 2-2: Strikes out swinging
|
Batting: RHB Azedine Kirui
|
0-0: SINGLE (Line Drive, 6D, EV 110.0 MPH)
|
Batting: SHB David Beauchamp
|
0-0: Called Strike 0-1: Ball 1-1: Ball 2-1: Foul Ball, location: 2F 2-2: Ball 3-2: Base on Balls Azedine Kirui to second
|
Batting: SHB Zack Barton
|
0-0: Ball 1-0: Called Strike 1-1: Ball 2-1: SINGLE (Groundball, 56S, EV 65.0 MPH) (infield hit) Azedine Kirui to third David Beauchamp to second
|
Batting: RHB Alex Belton
|
0-0: Called Strike 0-1: Fly out, F9 (Flyball, 89D, EV 105.0 MPH)
|
Bottom of the 2nd over - 0 runs, 2 hits, 0 errors, 3 left on base; Pensacola 0 - San Jose 0 |
TOP OF THE 3RD |
Pensacola Blue Wahoos batting - Pitching for San Jose Giants : RHP Chad Steffee
|
Batting: LHB John Wagner
|
0-0: Ball 1-0: Foul Ball, location: 2F 1-1: Called Strike 1-2: Ground out 6-3 (Groundball, 6, EV 98.8 MPH)
|
Batting: RHB David Stayton
|
0-0: Ball 1-0: Called Strike 1-1: Foul Ball, location: 2F 1-2: Ball 2-2: Ball 3-2: Foul Ball, location: 2F 3-2: SINGLE (Groundball, 6MD, EV 101.9 MPH)
|
Batting: RHB Alex Velasquez
|
0-0: Ball Passed Ball! David Stayton to second 1-0: Ball 2-0: Ball 3-0: Called Strike 3-1: Called Strike 3-2: Strikes out swinging
|
Batting: RHB Randy Grewe
|
0-0: Called Strike 0-1: Foul Ball, location: 2F 0-2: Ball 1-2: Strikes out swinging
|
Top of the 3rd over - 0 runs, 1 hit, 0 errors, 1 left on base; Pensacola 0 - San Jose 0 |
BOTTOM OF THE 3RD |
San Jose Giants batting - Pitching for Pensacola Blue Wahoos : LHP Suk-jin Sok
|
Batting: RHB Tony Mendez
|
0-0: Foul Ball, location: 2F 0-1: Called Strike 0-2: Ground out 4-3 (Groundball, 4M, EV 103.8 MPH)
|
Batting: RHB Laroya Foronda
|
0-0: Called Strike 0-1: Called Strike 0-2: Strikes out swinging
|
Batting: RHB Billy Pranger
|
0-0: Called Strike 0-1: Ball 1-1: Swinging Strike 1-2: Strikes out swinging
|
Bottom of the 3rd over - 0 runs, 0 hits, 0 errors, 0 left on base; Pensacola 0 - San Jose 0 |
TOP OF THE 4TH |
Pensacola Blue Wahoos batting - Pitching for San Jose Giants : RHP Chad Steffee
|
Batting: RHB Solange Le Coq
|
0-0: Ground out 6-3 (Groundball, 56, EV 89.4 MPH)
|
Batting: LHB Jorge Zarazua
|
0-0: Ball 1-0: Ball 2-0: Ball 3-0: Called Strike 3-1: Ground out 4-3 (Groundball, 4, EV 102.5 MPH)
|
Batting: RHB Andy Urquhart
|
0-0: Ball 1-0: Foul Ball, location: 2F 1-1: Ground out 6-3 (Groundball, 6S, EV 65.0 MPH)
|
Top of the 4th over - 0 runs, 0 hits, 0 errors, 0 left on base; Pensacola 0 - San Jose 0 |
BOTTOM OF THE 4TH |
San Jose Giants batting - Pitching for Pensacola Blue Wahoos : LHP Suk-jin Sok
|
Batting: RHB Chris Bittner
|
0-0: Foul Ball, location: 2F 0-1: Ball 1-1: Ball 2-1: Fly out, F9 (Flyball, 9S, EV 92.5 MPH)
|
Batting: LHB Ryan Braden
|
0-0: Ball 1-0: Foul Ball, location: 2F 1-1: Called Strike 1-2: Ground out 4-3 (Groundball, 4, EV 89.4 MPH)
|
Batting: RHB Azedine Kirui
|
0-0: Ball 1-0: Ground out 6-3 (Groundball, 4MS, EV 88.8 MPH)
|
Bottom of the 4th over - 0 runs, 0 hits, 0 errors, 0 left on base; Pensacola 0 - San Jose 0 |
TOP OF THE 5TH |
Pensacola Blue Wahoos batting - Pitching for San Jose Giants : RHP Chad Steffee
|
Batting: RHB Mark Williams
|
0-0: Swinging Strike 0-1: Called Strike 0-2: Strikes out swinging
|
Batting: RHB Dinand Brouwer
|
0-0: Called Strike 0-1: Ground out 6-3 (Groundball, 6, EV 87.5 MPH)
|
Batting: LHB John Wagner
|
0-0: Ball 1-0: Swinging Strike 1-1: Ball 2-1: Bunted foul 2-2: Ball 3-2: TRIPLE (Flyball, 89XD, EV 103.8 MPH)
|
Batting: RHB David Stayton
|
0-0: Called Strike 0-1: Ball 1-1: Ground out 4-3 (Groundball, 4, EV 86.2 MPH)
|
Top of the 5th over - 0 runs, 1 hit, 0 errors, 1 left on base; Pensacola 0 - San Jose 0 |
BOTTOM OF THE 5TH |
San Jose Giants batting - Pitching for Pensacola Blue Wahoos : LHP Suk-jin Sok
|
Batting: SHB David Beauchamp
|
0-0: Ball 1-0: Swinging Strike 1-1: SINGLE (Flyball, 8LS, EV 96.2 MPH)
|
Batting: SHB Zack Barton
|
0-0: Ball David Beauchamp steals 2nd base 1-0: Ball 2-0: Called Strike 2-1: Ground out 1-3 (Groundball, 15S, EV 66.9 MPH)
|
Batting: RHB Alex Belton
|
0-0: Swinging Strike 0-1: Swinging Strike 0-2: Strikes out swinging
|
Batting: RHB Tony Mendez
|
0-0: Ball 1-0: Ball 2-0: Foul Ball, location: 2F 2-1: Fly out, F7 (Flyball, 7D, EV 93.8 MPH)
|
Bottom of the 5th over - 0 runs, 1 hit, 0 errors, 1 left on base; Pensacola 0 - San Jose 0 |
TOP OF THE 6TH |
Pensacola Blue Wahoos batting - Pitching for San Jose Giants : RHP Chad Steffee
|
Batting: RHB Alex Velasquez
|
0-0: Called Strike 0-1: Reached on error, E3 (Groundball, 34, EV 75.6 MPH)
|
Batting: RHB Randy Grewe
|
0-0: Called Strike 0-1: Swinging Strike 0-2: Strikes out swinging
|
Batting: RHB Solange Le Coq
|
0-0: Called Strike 0-1: Swinging Strike 0-2: Ball 1-2: Foul Ball, location: 2F 1-2: Ball 2-2: Strikes out swinging
|
Batting: LHB Jorge Zarazua
|
0-0: Intentional Walk
|
Batting: RHB Andy Urquhart
|
0-0: Ball 1-0: Foul Ball, location: 2F 1-1: Fly out, F8 (Flyball, 8RXD, EV 90.6 MPH)
|
Top of the 6th over - 0 runs, 0 hits, 1 error, 2 left on base; Pensacola 0 - San Jose 0 |
BOTTOM OF THE 6TH |
San Jose Giants batting - Pitching for Pensacola Blue Wahoos : LHP Suk-jin Sok
|
Batting: RHB Laroya Foronda
|
0-0: Ball 1-0: Ball 2-0: Ground out 4-3 (Groundball, 34, EV 110.0 MPH)
|
Batting: RHB Billy Pranger
|
0-0: Ball 1-0: Called Strike 1-1: Ball 2-1: SINGLE (Groundball, 4MD, EV 98.8 MPH)
|
Batting: RHB Chris Bittner
|
0-0: Called Strike 0-1: Grounds into double play, 6-4-3 (Groundball, 6, EV 89.4 MPH)
|
Bottom of the 6th over - 0 runs, 1 hit, 0 errors, 0 left on base; Pensacola 0 - San Jose 0 |
TOP OF THE 7TH |
Pensacola Blue Wahoos batting - Pitching for San Jose Giants : RHP Chad Steffee
|
Batting: RHB Mark Williams
|
0-0: Foul Ball, location: 2F 0-1: Fly out, F8 (Flyball, 89D, EV 110.0 MPH)
|
Batting: RHB Dinand Brouwer
|
0-0: Ball 1-0: SINGLE (Line Drive, 89S, EV 98.1 MPH)
|
Batting: LHB John Wagner
|
0-0: Foul Ball, location: 2F 0-1: Called Strike 0-2: Fly out, F9 (Line Drive, 9, EV 110.6 MPH)
|
Batting: RHB David Stayton
|
0-0: Fly out, F4 (Popup, 34, EV 75.0 MPH)
|
Top of the 7th over - 0 runs, 1 hit, 0 errors, 1 left on base; Pensacola 0 - San Jose 0 |
BOTTOM OF THE 7TH |
San Jose Giants batting - Pitching for Pensacola Blue Wahoos : LHP Suk-jin Sok
|
Batting: LHB Ryan Braden
|
0-0: Foul Ball, location: 2F 0-1: Ball 1-1: Foul Ball, location: 2F 1-2: SINGLE (Groundball, 5S, EV 66.2 MPH) (infield hit)
|
Batting: RHB Azedine Kirui
|
0-0: Bunted foul 0-1: Bunt missed! 0-2: Ball 1-2: Foul Ball, location: 2F 1-2: Grounds into double play, 4-6-3 (Groundball, 4, EV 106.2 MPH)
|
Batting: SHB David Beauchamp
|
0-0: Called Strike 0-1: Ball 1-1: Foul Ball, location: 2F 1-2: Ground out 6-3 (Groundball, 56, EV 90.6 MPH)
|
Bottom of the 7th over - 0 runs, 1 hit, 0 errors, 0 left on base; Pensacola 0 - San Jose 0 |
TOP OF THE 8TH |
Pensacola Blue Wahoos batting - Pitching for San Jose Giants : RHP Chad Steffee
|
Batting: RHB Alex Velasquez
|
0-0: Swinging Strike 0-1: Ball 1-1: Ball 2-1: Foul Ball, location: 2F 2-2: Ground out 4-3 (Groundball, 4, EV 111.2 MPH)
|
Batting: RHB Randy Grewe
|
0-0: Called Strike 0-1: Foul Ball, location: 2F 0-2: SINGLE (Groundball, 6M, EV 101.2 MPH) (infield hit)
|
Batting: RHB Solange Le Coq
|
0-0: Called Strike Randy Grewe steals 2nd base 0-1: Ball 1-1: Fly out, F7 (Line Drive, 7, EV 93.8 MPH)
|
Batting: LHB Jorge Zarazua
|
0-0: Intentional Walk
|
Batting: RHB Andy Urquhart
|
0-0: Foul Ball, location: 2F 0-1: Ball 1-1: Ball 2-1: Ball 3-1: Base on Balls Randy Grewe to third Jorge Zarazua to second
|
Pitching: RHP Ricky Fo
|
|
Pinch Hitting: SHB Bobby O'Leary
|
0-0: Ball 1-0: Ball 2-0: Foul Ball, location: 2F 2-1: Ball 3-1: Fly out, F6 (Line Drive, 6M, EV 63.1 MPH)
|
Top of the 8th over - 0 runs, 1 hit, 0 errors, 3 left on base; Pensacola 0 - San Jose 0 |
BOTTOM OF THE 8TH |
San Jose Giants batting - Pitching for Pensacola Blue Wahoos : LHP Suk-jin Sok
|
Now at 2B: Gabe Ochoa
|
|
Pinch Hitting: RHB Oscar Fausto
|
0-0: Ball 1-0: Swinging Strike 1-1: Ball 2-1: Called Strike 2-2: Ball 3-2: Foul Ball, location: 2F 3-2: Base on Balls
|
Pinch Hitting: SHB Mitchell Greene
|
0-0: Ball 1-0: Bunt missed! 1-1: Sac Bunt to 5S - play at first, batter OUT! 5-4 Oscar Fausto to second
|
Batting: RHB Tony Mendez
|
0-0: Ball 1-0: Foul Ball, location: 2F 1-1: Fly out, F8 (Flyball, 8LM, EV 99.4 MPH)
|
Batting: RHB Laroya Foronda
|
0-0: Ball 1-0: Ball 2-0: Called Strike 2-1: Ground out 6-3 (Groundball, 6M, EV 103.1 MPH)
|
Bottom of the 8th over - 0 runs, 0 hits, 0 errors, 1 left on base; Pensacola 0 - San Jose 0 |
TOP OF THE 9TH |
Pensacola Blue Wahoos batting - Pitching for San Jose Giants : RHP Ricky Fo
|
Now at SS: Yeong-hun Joe
|
|
Now in CF: Adam Noyes
|
|
Pinch Hitting: LHB Matthew Berry
|
0-0: Ball 1-0: Foul Ball, location: 2F 1-1: Foul Ball, location: 2F 1-2: Strikes out swinging
|
Batting: LHB John Wagner
|
0-0: Ball 1-0: Swinging Strike 1-1: Foul Ball, location: 2F 1-2: Strikes out swinging
|
Pinch Hitting: SHB David Garnica
|
0-0: Called Strike 0-1: Foul Ball, location: 2F 0-2: Ball 1-2: Strikes out looking
|
Top of the 9th over - 0 runs, 0 hits, 0 errors, 0 left on base; Pensacola 0 - San Jose 0 |
BOTTOM OF THE 9TH |
San Jose Giants batting - Pitching for Pensacola Blue Wahoos : LHP Suk-jin Sok
|
Pitching: RHP Damian Molina
|
|
Now at C: Doug Carter
|
|
Now at 3B: Andy Urquhart
|
|
Now in RF: David Garnica
|
|
Pinch Hitting: LHB Mike Roberts
|
0-0: Swinging Strike 0-1: Foul Ball, location: 2F 0-2: Foul Ball, location: 2F 0-2: Ball 1-2: Ball 2-2: Foul Ball, location: 2F 2-2: SINGLE (Line Drive, 8LS, EV 105.0 MPH)
|
Batting: LHB Steve Nevis
|
0-0: Ball 1-0: Ball 2-0: Fly out, F8 (Flyball, 89M, EV 86.9 MPH)
|
Batting: LHB Ryan Braden
|
0-0: Ball 1-0: Ball 2-0: Swinging Strike 2-1: Swinging Strike 2-2: Foul Ball, location: 2F 2-2: Foul Ball, location: 2F 2-2: Ball 3-2: Base on Balls Mike Roberts to second
|
Pinch Runner at 2nd Mike Zepeda:
|
|
Batting: RHB Azedine Kirui
|
0-0: Ball 1-0: Called Strike 1-1: Swinging Strike 1-2: Ball 2-2: Strikes out swinging
|
Batting: SHB David Beauchamp
|
0-0: Foul Ball, location: 2F 0-1: Ball 1-1: Ground out 6-3 (Groundball, 6, EV 86.2 MPH)
|
Bottom of the 9th over - 0 runs, 1 hit, 0 errors, 2 left on base; Pensacola 0 - San Jose 0 |
TOP OF THE 10TH |
Pensacola Blue Wahoos batting - Pitching for San Jose Giants : RHP Ricky Fo
|
Now at 3B: Jerry Massey
|
|
Pinch Hitting: LHB Keith Egan
|
0-0: Ball 1-0: Fly out, F7 (Flyball, 7, EV 77.5 MPH)
|
Batting: RHB Randy Grewe
|
0-0: Foul Ball, location: 2F 0-1: Ground out 4-3 (Groundball, 4, EV 76.2 MPH)
|
Batting: RHB Solange Le Coq
|
0-0: Called Strike 0-1: Foul Ball, location: 2F 0-2: Strikes out looking
|
Top of the 10th over - 0 runs, 0 hits, 0 errors, 0 left on base; Pensacola 0 - San Jose 0 |
BOTTOM OF THE 10TH |
San Jose Giants batting - Pitching for Pensacola Blue Wahoos : RHP Damian Molina
|
Pitching: RHP Dave Kurtz
|
|
Now at 2B: Ryan Short
|
|
Now at SS: Gabe Ochoa
|
|
Batting: RHB Adam Noyes
|
0-0: Fly out, F7 (Line Drive, 7, EV 110.6 MPH)
|
Batting: LHB Yeong-hun Joe
|
0-0: Reached on error, E4 (Groundball, 4, EV 83.8 MPH)
|
Batting: RHB Tony Mendez
|
0-0: Ball 1-0: Ball 2-0: Called Strike 2-1: Ball 3-1: Base on Balls Yeong-hun Joe to second
|
Batting: RHB Laroya Foronda
|
0-0: Ball 1-0: Sac Bunt to 13S - play at first, batter OUT! 1-4 Yeong-hun Joe to third Tony Mendez to second
|
Batting: SHB Jerry Massey
|
0-0: Ground out 5-3 (Groundball, 5, EV 109.4 MPH)
|
Bottom of the 10th over - 0 runs, 0 hits, 1 error, 2 left on base; Pensacola 0 - San Jose 0 |
TOP OF THE 11TH |
Pensacola Blue Wahoos batting - Pitching for San Jose Giants : RHP Ricky Fo
|
Batting: LHB Jorge Zarazua
|
0-0: Foul Ball, location: 2F 0-1: Ball 1-1: Ball 2-1: Swinging Strike 2-2: Ball 3-2: Ground out 5-3 (Groundball, 15, EV 88.1 MPH)
|
Batting: RHB Andy Urquhart
|
0-0: Ground out 6-3 (Groundball, 6, EV 83.1 MPH)
|
Pinch Hitting: LHB Sal Burgos
|
0-0: Fly out, F7 (Line Drive, 7, EV 95.6 MPH)
|
Top of the 11th over - 0 runs, 0 hits, 0 errors, 0 left on base; Pensacola 0 - San Jose 0 |
BOTTOM OF THE 11TH |
San Jose Giants batting - Pitching for Pensacola Blue Wahoos : RHP Dave Kurtz
|
Now at 3B: Sal Burgos
|
|
Now at SS: Andy Urquhart
|
|
Batting: LHB Steve Nevis
|
0-0: Ball 1-0: Foul Ball, location: 2F 1-1: DOUBLE (Line Drive, 7LM, EV 108.1 MPH)
|
Batting: LHB Ryan Braden
|
0-0: Intentional Walk
|
Batting: RHB Azedine Kirui
|
0-0: Sac Bunt to 25 - play at first, batter OUT! 5-4 Steve Nevis to third Ryan Braden to second
|
Batting: SHB David Beauchamp
|
0-0: Intentional Walk
|
Batting: RHB Adam Noyes
|
0-0: Foul Ball, location: 2F 0-1: Called Strike 0-2: Strikes out swinging
|
Batting: LHB Yeong-hun Joe
|
0-0: Foul Ball, location: 2F 0-1: Ball 1-1: Ball 2-1: Ball 3-1: Ground out 1-3 (Groundball, 13, EV 63.1 MPH)
|
Bottom of the 11th over - 0 runs, 1 hit, 0 errors, 3 left on base; Pensacola 0 - San Jose 0 |
TOP OF THE 12TH |
Pensacola Blue Wahoos batting - Pitching for San Jose Giants : RHP Ricky Fo
|
Pitching: RHP Isidro Aguirre
|
|
Pinch Hitting: LHB Ralph Braine
|
0-0: Called Strike 0-1: SINGLE (Groundball, 34D, EV 103.1 MPH)
|
Batting: LHB John Wagner
|
0-0: Ball 1-0: Called Strike 1-1: Called Strike 1-2: Foul Ball, location: 2F 1-2: Foul Ball, location: 2F 1-2: Ball 2-2: Fielders Choice at 2nd, 4-6 (Groundball, 4, EV 88.1 MPH)
|
Batting: SHB David Garnica
|
0-0: Ball 1-0: Called Strike John Wagner is caught stealing 2nd base 2-6 1-1: Ball 2-1: Swinging Strike 2-2: Ball 3-2: Strikes out swinging
|
Top of the 12th over - 0 runs, 1 hit, 0 errors, 0 left on base; Pensacola 0 - San Jose 0 |
BOTTOM OF THE 12TH |
San Jose Giants batting - Pitching for Pensacola Blue Wahoos : RHP Dave Kurtz
|
Pitching: LHP Yorihiko Honda
|
|
Now at C: John Goynes
|
|
Batting: RHB Tony Mendez
|
0-0: Called Strike 0-1: Ball 1-1: Ball 2-1: Called Strike 2-2: Fly out, F4 (Flyball, 34D, EV 93.1 MPH)
|
Batting: RHB Laroya Foronda
|
0-0: Ball 1-0: Ground out 4-3 (Groundball, 4M, EV 107.5 MPH)
|
Batting: SHB Jerry Massey
|
0-0: Ball 1-0: Called Strike 1-1: Ground out U3 (Groundball, 3S, EV 85.6 MPH)
|
Bottom of the 12th over - 0 runs, 0 hits, 0 errors, 0 left on base; Pensacola 0 - San Jose 0 |
TOP OF THE 13TH |
Pensacola Blue Wahoos batting - Pitching for San Jose Giants : RHP Isidro Aguirre
|
Pinch Hitting: LHB Tony Zizumbo
|
0-0: DOUBLE (Line Drive, 5D, EV 102.5 MPH)
|
Batting: RHB Randy Grewe
|
0-0: Called Strike 0-1: Ball 1-1: Called Strike 1-2: Ball 2-2: Strikes out looking
|
Batting: RHB Solange Le Coq
|
0-0: Called Strike 0-1: Fly out, F7 (Flyball, 78S, EV 92.5 MPH)
|
Batting: LHB Jorge Zarazua
|
0-0: Intentional Walk
|
Batting: RHB Andy Urquhart
|
0-0: Fly out, F7 (Flyball, 7LS, EV 89.4 MPH)
|
Top of the 13th over - 0 runs, 1 hit, 0 errors, 2 left on base; Pensacola 0 - San Jose 0 |
BOTTOM OF THE 13TH |
San Jose Giants batting - Pitching for Pensacola Blue Wahoos : LHP Yorihiko Honda
|
Now at 2B: Tony Zizumbo
|
|
Batting: RHB John Paredes
|
0-0: Ball 1-0: SINGLE (Flyball, 7LS, EV 90.0 MPH)
|
Batting: LHB Ryan Braden
|
0-0: Ball 1-0: Foul Ball, location: 2F 1-1: Foul Ball, location: 2F 1-2: Foul Ball, location: 2F 1-2: Foul Ball, location: 2F 1-2: Ball Wild Pitch! John Paredes to second 2-2: Ball 3-2: Strikes out swinging
|
Batting: RHB Azedine Kirui
|
0-0: Intentional Walk
|
Batting: SHB David Beauchamp
|
0-0: Ball 1-0: Sac Bunt to 15 - play at first, batter OUT! 1-4 John Paredes to third Azedine Kirui to second
|
Batting: RHB Adam Noyes
|
0-0: Intentional Walk
|
Batting: LHB Yeong-hun Joe
|
0-0: Fielders Choice at 2nd, 6-4 (Groundball, 6, EV 92.5 MPH)
|
Bottom of the 13th over - 0 runs, 1 hit, 0 errors, 3 left on base; Pensacola 0 - San Jose 0 |
TOP OF THE 14TH |
Pensacola Blue Wahoos batting - Pitching for San Jose Giants : RHP Isidro Aguirre
|
Batting: LHB Sal Burgos
|
0-0: Ground out U3 (Groundball, 3L, EV 100.6 MPH)
|
Pinch Hitting: RHB Chris Norris
|
0-0: Ball 1-0: Called Strike 1-1: Ball 2-1: Foul Ball, location: 2F 2-2: Strikes out looking
|
Batting: LHB John Wagner
|
0-0: Ball 1-0: Ball 2-0: Swinging Strike 2-1: SINGLE (Groundball, 25, EV 67.5 MPH) (infield hit)
|
Batting: SHB David Garnica
|
0-0: Called Strike John Wagner steals 2nd base 0-1: Ball 1-1: Intentional Walk
|
Pitching: RHP Julio Arteaga
|
|
Batting: LHB Tony Zizumbo
|
0-0: Ball 1-0: Foul Ball, location: 2F 1-1: Fielders Choice at 2nd, 5-4 (Groundball, 56, EV 86.9 MPH)
|
Top of the 14th over - 0 runs, 1 hit, 0 errors, 2 left on base; Pensacola 0 - San Jose 0 |
BOTTOM OF THE 14TH |
San Jose Giants batting - Pitching for Pensacola Blue Wahoos : LHP Yorihiko Honda
|
Now at C: Armando Moz
|
|
Batting: RHB Tony Mendez
|
0-0: Ball 1-0: Foul Ball, location: 2F 1-1: Foul Ball, location: 2F 1-2: Fly out, F9 (Flyball, 9S, EV 90.0 MPH)
|
Batting: RHB Laroya Foronda
|
0-0: Foul Ball, location: 2F 0-1: Ball 1-1: Reached on error, E6 (Groundball, 6, EV 91.2 MPH)
|
Pitching: LHP Dave Schmidt
|
|
Batting: SHB Jerry Massey
|
0-0: SINGLE (Line Drive, 4D, EV 98.1 MPH) Laroya Foronda to second Runner from 2nd tries for 3rd, SAFE, throw by CF made to third
|
Batting: RHB John Paredes
|
0-0: SINGLE (Groundball, 56D, EV 107.5 MPH) Laroya Foronda scores
|
Bottom of the 14th over - 1 run, 2 hits, 1 error, 1 left on base; Pensacola 0 - San Jose 1 |
|